 Dungeon Crawl Stone Soup version 0.24-a0-699-g5a66b1aa3b (webtiles) character file.

Game seed: 17419710616253613407, levelgen mode: deterministic

42 Arixos the Grave Robber (level 3, -1/25 HPs)
             Began as a Vampire Necromancer on Sept 29, 2019.
             Slain by a bullfrog (8 damage)
             ... on level 2 of the Dungeon.
             The game lasted 00:13:01 (887 turns).

Arixos the Grave Robber (Vampire Necromancer)        Turns: 887, Time: 00:13:02

Health: -1/25      AC:  2    Str:  7    XL:     3   Next: 33%
Magic:  2/6        EV: 13    Int: 17    God:
Gold:   85         SH:  0    Dex: 15    Spells: 2/6 levels left

rFire    . . .     SeeInvis +   b - +1 dagger
rCold    . . .     Gourm    .   (no shield)
rNeg     . . .     Faith    .   a - +0 robe
rPois    .         Spirit   .   (no helmet)
rElec    .         Reflect  .   (no cloak)
rCorr    .         Harm     .   (no gloves)
MR       .....                  (no boots)
Stlth    +++.......             (no amulet)
HPRegen  0.28/turn              (no ring)
MPRegen  0.10/turn              (no ring)

@: regenerating quickly
A: no food, fangs 3, see invisible, unbreathing
a: Exsanguinate


You were on level 2 of the Dungeon.
You were alive.

You visited 1 branch of the dungeon, and saw 2 of its levels.

You collected 85 gold pieces.

Inventory:

Hand Weapons
 b - a +1 dagger (weapon)
Armour
 a - a +0 robe (worn)
Scrolls
 c - a scroll of magic mapping {unknown}


   Skills:
 + Level 0.9 Fighting
 + Level 0.2 Short Blades
 + Level 2.7 Dodging
 + Level 3.7 Stealth
 + Level 2.3 Spellcasting
 + Level 4.6 Necromancy


You had 2 spell levels left.
You knew the following spells:

 Your Spells              Type           Power        Failure   Level  Hunger
a - Pain                  Necr           ###.         2%          1    N/A
b - Vampiric Draining     Necr           ###.......   9%          3    N/A

Your spell library contained the following spells:

 Spells                   Type           Power        Failure   Level  Hunger
 Animate Skeleton         Necr           N/A          2%          1    N/A
 Regeneration             Chrm/Necr      #.........   22%         3    N/A
 Animate Dead             Necr           N/A          26%         4    N/A

Dungeon Overview and Level Annotations

Branches:
Dungeon (2/15)

Altars:


Innate Abilities, Weirdness & Mutations

You do not eat.
Your natural rate of healing is unusually fast.
You have razor-sharp teeth.
You have supernaturally acute eyesight. (SInv)
You can survive without breathing.


Message History

Aiming: Pain (safe; 2% risk of failure)
Press: ? - help, Shift-Dir - straight line, f - bullfrog
Aim: a bullfrog (lightly wounded, chance to defeat MR: 76%)
The bullfrog barely resists.
The bullfrog closely misses you. The bullfrog hits you.
You hit the rat.
The rat is moderately wounded.
The bullfrog misses you. The rat barely misses you.
A quokka comes into view.
You hit the rat but do no damage.
The rat is moderately wounded.
The bullfrog barely misses you. The rat closely misses you.
The bullfrog hits you!
Casting: Pain (safe; 2% risk of failure)
Confirm with . or Enter, or press ? or * to list all spells.
Aiming: Pain (safe; 2% risk of failure)
Press: ? - help, Shift-Dir - straight line, f/p - bullfrog
Aim: a bullfrog (lightly wounded, chance to defeat MR: 76%)
The bullfrog writhes in agony.
The bullfrog hits you!
You die...

######## #......#
#......# #......#
##<.....###
#...>.....#
#####..##.#
#.r@...#
##.F..#.###.
#)...........
......#...)#..##..
......#....##.#
..... #..r......
.(... ...........
.... .#....#.##...
##.####.......#(>.


You could see a bullfrog, a quokka and a rat.

Vanquished Creatures
  2 dart slugs (D:1)
  4 bats (D:1)
  2 giant cockroaches
  2 goblins (D:1)
  5 hobgoblins
  10 jackals (D:1)
  2 kobolds (D:1)
  2 frilled lizards (D:1)
  3 rats (D:1)
32 creatures vanquished.

Notes
Turn   | Place    | Note
-------+----------+-------------------------------------------
     0 | D:1      | Arixos the Vampire Necromancer began the quest for the Orb.
     0 | D:1      | Reached XP level 1. HP: 13/13 MP: 3/3
    71 | D:1      | Reached XP level 2. HP: 4/20 MP: 0/5
   419 | D:1      | Reached XP level 3. HP: 6/25 MP: 0/6
   757 | D:1      | Learned a level 3 spell: Vampiric Draining
   873 | D:2      | Noticed a bullfrog
   887 | D:2      | Slain by a bullfrog

Levels and vault maps discovered:
D:1:      grunt_arrival_lava_bath, layout_rooms, minmay_misc_feat_four_crosses
D:2:      layout_rooms, makhleb_blood_cavern_becter, lemuel_doored_altar,
          chequers_ecumenical_altar_simple_redux

Action                   || total
-------------------------++-------
Melee: Dagger            ||   110
       Bite              ||    11
 Cast: Pain              ||    32
  Use: Potion            ||     2
       Scroll            ||     1
 Stab: Sleeping          ||     2
Armor: Robe              ||    24
Dodge: Dodged            ||   105

Table legend:
 A = Non-vault XP
 B = Vault XP
 C = Vault XP percentage of total XP
 D = Non-vault monster count
 E = Vault monster count
 F = Vault count percentage of total count
                 A         B        C        D         E       F
            +---------+---------+-------+---------+---------+-------
      Total |      60 |       0 |   0.0 |      32 |       0 |   0.0
            +---------+---------+-------+---------+---------+-------
        D:1 |      54 |       0 |   0.0 |      29 |       0 |   0.0
        D:2 |       6 |       0 |   0.0 |       3 |       0 |   0.0
            +---------+---------+-------+---------+---------+-------
